 Dungeon Crawl Stone Soup version 0.27-a0-1196-g3e9cee4cb2 (webtiles) character file.

Game seed: 4409399427538409028

1633 avis the Reanimator (level 8, -1/62 HPs)
             Began as a Deep Dwarf Necromancer on May 30, 2021.
             Was an Initiate of Makhleb.
             Slain by Prince Ribbit (10 damage)
             ... on level 7 of the Dungeon.
             The game lasted 00:43:41 (8016 turns).

avis the Reanimator (Deep Dwarf Necromancer)        Turns: 8016, Time: 00:43:41

Health: -1/62      AC:  6    Str: 12    XL:     8   Next: 66%
Magic:  6/11       EV: 12    Int: 18    God:    Makhleb [......]
Gold:   272        SH:  0    Dex: 13    Spells: 9/13 levels left

rFire    + . .     SeeInvis .   a - staff of death
rCold    . . .     Faith    .   (no shield)
rNeg     + . .     Spirit   .   B - +3 leather armour
rPois    .         Reflect  .   (no helmet)
rElec    .         Harm     .   (no cloak)
rCorr    .         Rampage  .   (no gloves)
Will     +....                  (no boots)
Stlth    ++........             (no amulet)
HPRegen  0.00/turn              D - ring of protection from fire
MPRegen  0.12/turn              (no ring)

@: no status effects
A: damage resistance, heal wounds, sense surroundings 1, no regeneration
a: Heal Wounds, Renounce Religion


You were on level 7 of the Dungeon.
You worshipped Makhleb.
Makhleb was noncommittal.
You visited 2 branches of the dungeon, and saw 8 of its levels.

You collected 272 gold pieces.

Inventory:

Hand Weapons
 b - a +0 short sword of holy wrath
 l - a +0 glaive
 w - a +1 dagger of venom
 H - a +2 whip of electrocution
 I - a +2 halberd of flaming
Missiles
 c - 57 stones
 d - 25 sling bullets
 i - 21 arrows
 m - 5 boomerangs
 y - 2 throwing nets
 z - 5 poisoned darts
Armour
 n - a +0 plate armour
 B - a +3 leather armour (worn)
Magical Staves
 a - a staff of death (weapon)
Jewellery
 D - a ring of protection from fire (left hand)
Scrolls
 e - a scroll of magic mapping {unknown}
 g - a scroll of amnesia {unknown}
 h - a scroll of holy word {unknown}
 o - a scroll of fear {unknown}
 u - 2 scrolls of fog
 v - a scroll of immolation {unknown}
 A - 2 scrolls of teleportation {unknown}
 E - a scroll of acquirement {unknown}
Potions
 f - a potion of resistance {unknown}
 j - 3 potions of might
 k - a potion of mutation {unknown}
 p - a potion of invisibility
 q - 2 potions of curing
 r - a potion of berserk rage {unknown}
 x - 2 potions of heal wounds
 F - a potion of haste
 G - a potion of brilliance


   Skills:
 * Level 5.9 Staves
 - Level 2.1 Dodging
 - Level 2.4 Stealth
 - Level 3.0 Spellcasting
 + Level 8.7 Necromancy
 + Level 5.9 Evocations


You had 9 spell levels left.
You knew the following spells:

 Your Spells              Type           Power      Damage    Failure   Level
a - Pain                  Necr           100%       1d9       1%          1
d - Vampiric Draining     Necr           25%        2d9       1%          3

Your spell library contained the following spells:

 Spells                   Type           Power      Damage    Failure   Level
 Animate Skeleton         Necr           100%       N/A       1%          1
 Animate Dead             Necr           25%        N/A       5%          4
 Agony                    Necr           51%        N/A       16%         5
 Sting                    Tmut/Pois      8%         1d3       21%         1
 Summon Small Mammal      Summ           8%         N/A       21%         1
 Call Imp                 Summ           2%         N/A       30%         2
 Poisonous Vapours        Pois/Air       4%         N/A       30%         2
 Call Canine Familiar     Summ           2%         N/A       52%         3
 Ignite Poison            Fire/Tmut/Pois 2%         N/A       52%         3
 Mephitic Cloud           Conj/Pois/Air  2%         N/A       52%         3
 Summon Guardian Golem    Hex/Summ       2%         N/A       52%         3
 Olgreb's Toxic Radiance  Pois           2%         N/A       90%         4
 Summon Ice Beast         Ice/Summ       2%         N/A       90%         4
 Summon Lightning Spire   Summ/Air       2%         N/A       90%         4


Dungeon Overview and Level Annotations

Branches:
Dungeon (7/15)             Temple (1/1) D:5

Altars:
Ashenzari
Cheibriados
Fedhas
Gozag
Hepliaklqana
Makhleb
Nemelex Xobeh
Okawaru
Qazlal
Ru
Sif Muna
Trog
Uskayaw
Vehumet
Wu Jian
Xom
Yredelemnul
Zin
The Shining One

Annotations:
D:2 Sigmund
D:7 Prince Ribbit


Innate Abilities, Weirdness & Mutations

You are resistant to damage.
You can heal yourself by infusing magical energy.
You passively map a small area around you.
You do not regenerate.


Message History

Done exploring.
There is a stone staircase leading down here.
You climb downwards.
There is a stone staircase leading up here.
You climb upwards.
There is a stone staircase leading down here.
There is a stone staircase leading down here.
You climb downwards.
Found 14 gold pieces.
There is a stone staircase leading up here.
You now have 272 gold pieces (gained 14).
r - a fizzy grey potion Prince Ribbit comes into view.
Prince Ribbit moves out of view.
Prince Ribbit gives a loud, deep croak!
Prince Ribbit blinks!
Prince Ribbit blinks!
Prince Ribbit hits you!
* * * LOW HITPOINT WARNING * * *
Prince Ribbit hits you.
Casting: Pain (safe; 1% risk of failure)
Confirm with . or Enter, or press ? or * to list all spells.
Aiming: Vampiric Draining (safe; 1% risk of failure)
Press: ? - help, Shift-Dir - straight line, f - Prince Ribbit
Aim: Prince Ribbit You feel a surge of power!
You draw life force from Prince Ribbit!
You feel life coursing into your body!
Prince Ribbit blinks! x2
Prince Ribbit blinks!
You start resting.
Prince Ribbit is nearby!
Prince Ribbit hits you!
* * * LOW HITPOINT WARNING * * *
Casting: Vampiric Draining (safe; 1% risk of failure)
Confirm with . or Enter, or press ? or * to list all spells.
Aiming: Vampiric Draining (safe; 1% risk of failure)
Press: ? - help, Shift-Dir - straight line, f/p - Prince Ribbit
Aim: Prince Ribbit (moderately wounded)
You feel a surge of power!
You draw life force from Prince Ribbit!
You feel life coursing into your body. Prince Ribbit hits you!
You die...

#.##.* #.# #.# ##..#.#*
#.######.# ........#
#.##...#.# , .......#
#.##.#.#.# .......#
#....#.#.# ,
....$..########.#.# ,
............# #.#.#
########....###F# #.#.#
#............##@# #.#.#
##............##.# #.#.#
..............##.###.#.###
..............##...#.#...#
..##...###..###.....###.#
... #...# ##.###.#.#####.#
... #...# #.)...#.#.....#
..) #...# ##[####.#.#####
... #...# #.## #.#.# *


You could see Prince Ribbit.

Vanquished Creatures
  An orc warrior (D:6)
  2 sky beasts
  A necrophage (D:7)
  4 ogres
  2 centaurs
  A kobold brigand (D:4)
  A bullfrog (D:7)
  A scorpion (D:6)
  A centaur zombie (D:6)
  2 hounds
  A bullfrog zombie (D:6)
  An orc priest (D:4)
  A jelly (D:6)
  A bullfrog skeleton (D:5)
  A gnoll shaman (D:6)
  A centaur skeleton (D:5)
  3 iguanas (D:5)
  An orc wizard (D:6)
  4 gnolls
  6 adders
  A white imp (D:5)
  An adder skeleton (D:4)
  2 dart slugs (D:3)
  16 orcs
  6 endoplasms
  6 giant cockroaches
  10 goblins
  12 hobgoblins
  17 kobolds
  4 quokkas
  5 ball pythons
  4 bats
  3 frilled lizards
  4 rats
127 creatures vanquished.

Vanquished Creatures (others)
  9 plants (D:4)
  11 toadstools (D:2)
20 creatures vanquished.

Grand Total: 147 creatures vanquished

Notes
Turn   | Place    | Note
-------+----------+-------------------------------------------
     0 | D:1      | avis the Deep Dwarf Necromancer began the quest for the
                  | Orb.
     0 | D:1      | Reached XP level 1. HP: 15/15 MP: 3/3
   191 | D:1      | You fall into a shaft and drop 1 floor!
   274 | D:2      | Reached XP level 2. HP: 22/22 MP: 3/5
   377 | D:1      | Reached skill level 5 in Necromancy
   607 | D:1      | Reached XP level 3. HP: 26/28 MP: 1/6
   653 | D:1      | Learned a level 3 spell: Vampiric Draining
  1311 | D:1      | Found a faded altar of an unknown god.
  1542 | D:2      | Noticed Sigmund
  2291 | D:3      | Reached XP level 4. HP: 29/36 MP: 3/7
  2988 | D:3      | Reached skill level 6 in Necromancy
  3510 | D:4      | Noticed an ogre
  3518 | D:4      | Killed an ogre
  3519 | D:4      | Reached XP level 5. HP: 16/42 MP: 3/9
  3650 | D:4      | Reached skill level 7 in Necromancy
  3789 | D:4      | Reached skill level 1 in Staves
  3789 | D:4      | Reached skill level 1 in Evocations
  3789 | D:4      | Reached XP level 6. HP: 19/49 MP: 0/10
  4128 | D:4      | You fall into a shaft and drop 3 floors!
  4149 | D:7      | HP: 2/42 [necrophage (3)]
  4255 | D:7      | Noticed a sky beast
  4268 | D:7      | Killed a sky beast
  4269 | D:7      | Reached XP level 7. HP: 46/55 MP: 0/10
  4956 | D:5      | Entered Level 5 of the Dungeon
  5138 | D:5      | Reached skill level 8 in Necromancy
  5299 | D:4      | Identified the +1 tower shield "Jeguabb" {Regen+}
  5528 | D:5      | Reached XP level 8. HP: 30/62 MP: 1/11
  5638 | D:5      | Found a hazy altar of Hepliaklqana.
  6564 | D:5      | Found a staircase to the Ecumenical Temple.
  6580 | Temple   | Entered the Ecumenical Temple
  6819 | Temple   | Became a worshipper of Makhleb the Destroyer
  6987 | D:5      | Reached skill level 5 in Staves
  6987 | D:5      | Reached skill level 5 in Evocations
  8000 | D:7      | Noticed Prince Ribbit
  8016 | D:7      | Slain by Prince Ribbit

Illustrated notes

Levels and vault maps discovered:
D:1:      eino_arrival_cavern_e, layout_basic,
          hellmonk_ecumenical_altar_leap_of_faith
D:2:      cheibrodos_fertilizer, layout_rooms, grunt_ministairs_5, uniq_sigmund
D:3:      layout_loops_cross, minmay_door_square
D:4:      layout_basic, lexackson_kobold_supper
D:5:      layout_gridville, lemuel_crystal_altar,
          minmay_temple_entry_stoned_glass, bh_walls_and_bars
D:6:      layout_basic, patterned_corridor
D:7:      layout_basic, uniq_prince_ribbit1
Temple:   dpeg_five_rooms_temple

Skill      XL: |  1  2  3  4  5  6  7  8 |
---------------+-------------------------+-----
Spellcasting   | 2 3 |  3.0
Necromancy     | 5 6 7 8 |  8.7
Staves         | 1 2 4 5 |  5.9
Evocations     | 1 2 4 5 |  5.9
Dodging        | |  2.1
Stealth        | |  2.4

Action                   |  1- 3 |  4- 6 |  7- 9 || total
-------------------------+-------+-------+-------++-------
Melee: Short sword       |     1 |    61 |    30 ||    92
       Staff             |       |    91 |    57 ||   148
 Cast: Pain              |    75 |    10 |    11 ||    96
       Vampiric Draining |     2 |    27 |    54 ||    83
 Abil: Heal Wounds       |     1 |     2 |     1 ||     4
  Use: Scroll            |       |       |     7 ||     7
Armor: Robe              |     5 |     5 |       ||    10
       Leather armour    |       |    27 |    47 ||    74
Dodge: Dodged            |     7 |    86 |    83 ||   176

Table legend: (Time is in decaauts)
 A = Elapsed time spent in this place.
 B = Non-inter-level travel time spent in this place.
 C = Inter-level travel time spent in this place.
 D = Time resting spent in this place.
 E = Time spent auto-exploring this place.
 F = Levels seen in this place.
 G = Mean time per level.
                   A        B        C        D        E       F      G
               +--------+--------+--------+--------+--------+-----+--------+
         Total |   8046 |   7535 |    511 |   2553 |   3155 |   8 | 1005.8 |
       Dungeon |   7745 |   7262 |    483 |   2553 |   2933 |   7 | 1106.4 |
        Temple |    300 |    272 |     28 |      0 |    222 |   1 |  300.0 |
               +--------+--------+--------+--------+--------+-----+--------+

Top non-repeatable levels by time:
     D:5: 1531 daAuts
     D:6: 1370 daAuts
     D:1: 1364 daAuts
     D:3: 1137 daAuts
     D:4: 997 daAuts
     D:2: 882 daAuts
     D:7: 461 daAuts
  Temple: 300 daAuts
